Map: 오토메이턴 - 래더

Players

Zest - Winner!

  • Race: Protoss Protoss
  • Spawn Location: 3:00

Patience

  • Race: Protoss Protoss
  • Spawn Location: 9:00

Event: IEM Season 13: Katowice (2019)

VOD

Have the link to the VOD?

Description

Time

  • Played on: Feb. 28, 2019, 7:21 a.m.
  • Length: 11:54

All games in this series

Show
View Real Time Build Order
Export as new Build Order

Zest Protoss - Winner!

Build Orders: Oracle Opening 

Get SALT Encoding   

  12  0:00  Probe  
  13  0:12  Probe  
  14  0:18  Pylon  
  14  0:24  Probe  
  15  0:32  Probe  
  15  0:38  Gateway  
  15  0:40  Probe  
  16  0:47  Assimilator  
  17  0:51  Probe  
  17  0:56  Assimilator  
  18  1:00  Probe  
  19  1:08  Probe  
  19  1:09  Gateway  
  19  1:18  Probe  
  21  1:26  Cybernetics Core  
  21  1:30  Probe  
  22  1:36  Pylon  
  22  1:42  Probe  
  23  2:02  Stargate  
  23  2:03  Adept  
  23  2:05  Adept  
  27  2:10  Warp Gate  
  27  2:16  Pylon  
  27  2:31  Probe  
  27  2:35  Oracle  
  30  2:47  Shield Battery  
  31  2:58  Pylon  
  31  3:05  Oracle  
  31  3:07  Shield Battery  
  31  3:17  Stalker  
  33  3:30  Probe  
  34  3:41  Gateway, Robotics Facility  
  34  3:46  Pylon  
  34  3:57  Probe  
  35  4:06  Sentry  
  35  4:07  Stalker  
  37  4:13  Probe  
  34  4:21  Probe  
  34  4:29  Probe  
  34  4:31  Warp Prism  
  38  4:52  Stalker x2  
  40  4:53  Stalker  
  44  5:02  Pylon  
  44  5:07  Observer  
  45  5:21  Stalker x3  
  51  5:56  Stalker  
  53  5:57  Stalker  
  53  6:00  Observer  
  52  6:19  Twilight Council  
  52  6:25  Probe  
  53  6:35  Adept  
  55  6:41  Pylon, Resonating Glaives  
  55  6:47  Pylon  
  55  7:10  Nexus  
  55  7:13  Adept x3  
  61  7:26  Pylon  
  63  7:35  Adept x3  
  67  7:41  Pylon  
  67  8:08  Adept x3  
  73  8:36  Immortal  
  67  8:47  Probe  
  69  8:48  Probe  
  69  8:50  Observer  
  73  9:02  Pylon  
  73  9:08  Immortal  
  77  9:18  Stalker x3  
  79  9:41  Immortal  
  79  10:07  Adept x3  
  85  10:19  Immortal  
  79  10:45  Adept  
  79  10:46  Adept x2  
  85  11:01  Immortal  
  83  11:20  Adept x3  
  66  11:48  Stalker x3  
Show
View Real Time Build Order
Export as new Build Order

Patience Protoss 

Build Orders: Oracle Opening 

Get SALT Encoding   

  12  0:00  Probe  
  13  0:12  Probe  
  14  0:18  Pylon  
  14  0:22  Probe  
  15  0:32  Probe  
  15  0:37  Gateway  
  15  0:42  Probe  
  16  0:46  Assimilator  
  17  0:52  Probe  
  17  0:55  Assimilator  
  18  1:01  Probe  
  18  1:09  Gateway, Probe  
  20  1:20  Probe  
  21  1:26  Cybernetics Core  
  21  1:33  Probe  
  21  1:37  Pylon  
  22  1:45  Probe  
  24  2:02  Adept  
  24  2:03  Adept  
  24  2:06  Stargate  
  27  2:12  Warp Gate  
  27  2:14  Probe  
  28  2:20  Pylon  
  28  2:35  Stalker  
  30  2:41  Shield Battery, Oracle  
  33  2:56  Probe  
  32  3:15  Probe  
  33  3:21  Oracle  
  34  3:28  Probe  
  34  3:40  Probe  
  35  3:51  Pylon  
  35  4:00  Stalker x2  
  35  4:02  Phoenix  
  34  4:05  Probe  
  32  4:17  Probe  
  33  4:29  Probe  
  34  4:40  Gateway  
  34  4:41  Probe  
  35  4:50  Sentry, Stalker  
  39  4:59  Pylon  
  39  5:04  Robotics Facility  
  39  5:17  Probe  
  39  5:20  Shield Battery  
  40  5:25  Sentry  
  42  5:29  Probe  
  42  5:34  Pylon  
  43  5:43  Pylon  
  43  5:44  Probe  
  39  6:01  Immortal  
  37  6:18  Sentry  
  41  6:22  Probe  
  42  6:34  Probe  
  42  6:37  Warp Prism  
  43  6:46  Probe  
  46  6:55  Shield Battery  
  46  6:56  Robotics Bay  
  46  7:02  Probe  
  42  7:10  Observer  
  41  7:28  Probe  
  46  7:44  Disruptor  
  46  7:49  Probe, Gravitic Drive  
  46  8:08  Probe  
  46  8:11  Disruptor  
  50  8:40  Probe  
  51  8:52  Immortal  
  55  8:56  Pylon  
  55  9:02  Gateway  
  55  9:13  Sentry, Adept  
  52  9:34  Adept  
  52  9:36  Adept  
  55  9:46  Observer  
  55  9:50  Observer  
  55  9:59  Stalker x2  
  59  10:03  Stalker  
  60  10:32  Adept x2  
  54  10:44  Adept x3  
  57  11:11  Sentry  
  57  11:12  Sentry x2  
  43  11:51  Adept x3  

Tags
 
Add a new tag
Caveats
  • Supply blocks, unpowered buildings, or Contaminate may cause inaccurate times.
  • Supply counts are checked every 10 seconds.